 Dungeon Crawl Stone Soup version 0.29-a0-648-g6b26cc9f40 (webtiles) character file.

Game seed: 10175836767001529382

154 Bruhh the Insei (level 4, 0/55 HPs)
             Began as a Demigod Transmuter on June 20, 2022.
             Slain by an orc
             ... wielding a +0 trident
              (3 damage)
             ... on level 4 of the Dungeon.
             The game lasted 00:04:22 (4078 turns).

Bruhh the Insei (Demigod Transmuter)                Turns: 4078, Time: 00:04:23

Health: 0/55       AC: 22    Str:  9    XL:     4   Next: 89%
Magic:  0/10       EV:  2    Int: 19    God:
Gold:   151        SH:  0    Dex: 14    Spells: 4/8 levels left

rFire   + . .      SeeInvis .     - Unarmed
rCold   + . .      Faith    .   (no shield)
rNeg    . . .      Spirit   +   (body armour currently unavailable)
rPois   +          Reflect  .   (helmet currently unavailable)
rElec   +          Harm     .   (cloak currently unavailable)
rCorr   +          Rampage  .   (gloves currently unavailable)
Will    .....      NoTele   +   (boots currently unavailable)
Stlth   +.........              f - amulet of guardian spirit
HPRegen 0.18/turn               (no ring)
MPRegen 0.12/turn               (no ring)

@: tree-form (expiring), resistant (expiring)
A: stationary, stasis, torment immunity, boosted hp, high MP 1, forlorn, divine
attributes, weak 1, MP-powered wands
a: no special abilities


You were on level 4 of the Dungeon.
You were a tree.
You visited 1 branch of the dungeon, and saw 4 of its levels.

You collected 151 gold pieces.

Inventory:

Armour
 a - a +0 robe (melded)
Jewellery
 f - an amulet of guardian spirit (around neck)
Scrolls
 c - a scroll of torment
 d - a scroll of blinking
 g - a scroll of teleportation
 j - a scroll of acquirement
 k - a scroll of magic mapping
 l - a scroll of enchant armour
 n - a scroll of enchant weapon
 p - a scroll of vulnerability {unknown}
Potions
 b - 2 potions of lignification
 h - a potion of brilliance
 m - a potion of resistance
 o - a potion of flight


   Skills:
 + Level 2.3 Fighting
 - Level 1.7 Dodging
 + Level 3.5 Unarmed Combat
 + Level 2.6 Spellcasting
 + Level 2.8 Transmutations


You had 4 spell levels left.
You knew the following spells:

 Your Spells              Type           Power      Damage    Failure   Level
a - Beastly Appendage     Tmut           26%        N/A       4%          1
b - Spider Form           Tmut/Pois      7%         N/A       26%         3

Your spell library contained the following spells:

 Spells                   Type           Power      Damage    Failure   Level
 Wereblood                Tmut           13%        N/A       8%          2
 Passwall                 Tmut/Erth      5%         N/A       14%         2
 Ensorcelled Hibernation  Hex/Ice        4%         N/A       24%         2
 Swiftness                Air            2%         N/A       43%         3
 Ice Form                 Ice/Tmut       7%         N/A       65%         4


Dungeon Overview and Level Annotations

Branches:
Dungeon (4/15)
 Temple: D:4-7


Innate Abilities, Weirdness & Mutations

You are a tree.
Your roots penetrate the ground, keeping you stationary.
You cannot be teleported.
You are immune to unholy pain and torment.
Your maximum health is greatly increased.
Your equipment is partially melded.
You have an increased reservoir of magic. (+10% MP)
You shall have no god before yourself.
Your divine heritage dramatically boosts your attributes as you level up.
You are weak. (Str -2)
You expend magic power (3 MP) to strengthen your wands.


Message History

The orc hits you but does no damage. The orc hits you but does no damage.
The orc hits you but does no damage. The orc hits you but does no damage.
The orc hits you but does no damage. The orc hits you but does no damage.
The orc hits you but does no damage.
The orc hits you from afar with a +0 trident.
* * * LOW HITPOINT WARNING * * *
The orc hits you but does no damage. The orc hits you but does no damage.
The orc hits you but does no damage. The orc hits you but does no damage.
The orc hits you but does no damage.
The orc hits you from afar with a +0 trident.
* * * LOW HITPOINT WARNING * * *
The orc hits you from afar with a +0 trident.
* * * LOW HITPOINT WARNING * * *
The orc completely misses you.
Okay, then.
As you read the scroll labelled VUVUET KIUMOR, it crumbles to dust.
It is a scroll of amnesia.
Really abort (and waste the scroll)?
Really abort (and waste the scroll)?
Okay, then.
Your transformation is almost over.
The orc hits you but does no damage.
The air fills with toxic fumes!
As you read the scroll labelled CEYPAJO XYJYNEMOSCH, it crumbles to dust.
It was a scroll of poison.
The orc hits you but does no damage.
Okay, then.
There are no items here.
Unknown command.
The orc hits you but does no damage. The orc hits you but does no damage.
You start to feel less resistant.
The orc hits you but does no damage. The orc hits you but does no damage.
The orc hits you from afar with a +0 trident.
You die...

,,,,**,***,*,,*,***,,,*,,,,,,,,,,
,,,,**,,,***,*,,*,***,#,,,,,,,,,,
,,,,****,,,***,*,,*,*§#,,,,,,,,,,
,,****,***,,,***,,,,☼§#,,,,,,,,,,
,,* *,,,**,,##,*,,#o#*,,,,,,,,,,
,,* ***,,,,##§#,,#g#**,,,,,,,,8,
,,****,**,,##☼#§,#o#*,*,*,,,,,,,,
,,,,,*,,,,##.#§☼#§#*,,*,*,,,,,,,,
,,,,,**,,##.#..#♣#*,,**,*,,,,,,,,
,,,,,*,,##.#..#§##,,,,*,,,,*,,,,,
,,,,,*,##.#..#§##,,**,*,,,,,,,,,,
,,,,,*##.#..#☼##,,,,***,,,,,,,*,,
,,,,,##.#..#§##,,**,,,#..,....#,,
,,,,,#....§§###,,,***,#.........,
,****#+#.#§§#.###,,,**#.........,
,*,,,*,**#§#..#.###,,,#.#.....(.*
,*,,,*,,,###.#..#.###,#.#.....###


You could see 2 orcs and a goblin.

Vanquished Creatures
  An orc wizard (D:4)
  3 adders (D:3)
  3 worms
  2 dart slugs (D:1)
  An orc (D:3)
  10 endoplasms
  4 giant cockroaches
  10 goblins
  6 hobgoblins
  9 kobolds
  7 quokkas
  10 ball pythons
  4 bats
  3 frilled lizards
  5 rats
78 creatures vanquished.

Notes
Turn   | Place    | Note
-------+----------+-------------------------------------------
     0 | D:1      | Bruhh the Demigod Transmuter began the quest for the Orb.
     0 | D:1      | Reached XP level 1. HP: 15/15 MP: 5/5
    32 | D:1      | Reached skill level 1 in Fighting
   496 | D:1      | Reached XP level 2. HP: 19/23 MP: 5/7
   695 | D:1      | Reached skill level 3 in Unarmed Combat
   996 | D:1      | Reached XP level 3. HP: 25/28 MP: 5/8
  1662 | D:2      | Learned a level 3 spell: Spider Form
  2515 | D:3      | Reached XP level 4. HP: 31/36 MP: 6/10
  4047 | D:4      | Gained mutation: You are weak. (Str -2) [potion of
                  | mutation]
  4047 | D:4      | Gained mutation: You expend magic power (3 MP) to
                  | strengthen your wands. [potion of mutation]
  4051 | D:4      | Identified a scroll of acquirement
  4070 | D:4      | HP: 2/55 [orc/+0 trident (2)]
  4078 | D:4      | Slain by an orc

Illustrated notes

Levels and vault maps discovered:
D:1:      evilmike_arrival_hilbert_curve, layout_rooms
D:2:      layout_basic, basic_altar
D:3:      kennysheep_the_goblin_king, layout_loops_corners,
          mainiacjoe_overflow_chevrons, basic_ecumenical_altar, minmay_puff
D:4:      minmay_razor_zed, layout_basic, kennysheep_pointless_box, st_stairs_1

Skill      XL: |  1  2  3 |
---------------+----------+-----
Fighting       | 1 2 |  2.3
Transmutations | 2 |  2.8
Spellcasting   | 2 |  2.6
Unarmed Combat | 3 |  3.5
Dodging        | |  1.7

Action                   |  1- 3 |  4- 6 || total
-------------------------+-------+-------++-------
Melee: Unarmed           |   129 |    75 ||   204
       Kick              |    28 |     8 ||    36
       Punch             |     3 |     2 ||     5
       Headbutt          |    13 |     3 ||    16
 Cast: Beastly Appendage |    42 |    15 ||    57
       Spider Form       |     1 |     1 ||     2
  Use: Scroll            |       |     9 ||     9
       Potion            |       |     4 ||     4
 Stab: Sleeping          |     2 |       ||     2
Armor: Robe              |    18 |    13 ||    31
       Skin              |     1 |    37 ||    38
Dodge: Dodged            |    75 |    38 ||   113

Table legend: (Time is in decaauts)
 A = Elapsed time spent in this place.
 B = Non-inter-level travel time spent in this place.
 C = Inter-level travel time spent in this place.
 D = Time resting spent in this place.
 E = Time spent auto-exploring this place.
 F = Levels seen in this place.
 G = Mean time per level.
                   A        B        C        D        E       F      G
               +--------+--------+--------+--------+--------+-----+--------+
         Total |   4064 |   3932 |    132 |      0 |   3295 |   4 | 1016.0 |
       Dungeon |   4064 |   3932 |    132 |      0 |   3295 |   4 | 1016.0 |
               +--------+--------+--------+--------+--------+-----+--------+

Top non-repeatable levels by time:
     D:3: 1489 daAuts
     D:1: 1176 daAuts
     D:2: 1133 daAuts
     D:4: 265 daAuts
